 Dungeon Crawl Stone Soup version 0.13-a0-2537-g1f6edf4 (webtiles) character file.

163 Psiweapon the Ruinous (level 4, -9/24 HPs)
             Began as a Tengu Conjurer on July 27, 2013.
             Blown up by Ijyb (11 damage)
             ... with a wand of disintegration
             ... on Level 3 of the Dungeon.
             The game lasted 00:07:43 (2190 turns).

Psiweapon the Ruinous (Tengu Conjurer)              Turns: 2190, Time: 00:07:43

HP  -9/24        AC  2     Str  9      XL: 4   Next: 37%
MP   7/8         EV 12     Int 16      God:
Gold 84          SH  0     Dex 14      Spells:  2 memorised,  2 levels left

Res.Fire  : . . .   See Invis. : .   e - +0 dagger
Res.Cold  : . . .   Warding    : .   a - +0 robe
Life Prot.: . . .   Conserve   : .   (no shield)
Res.Poison: .       Res.Corr.  : .   (helmet restricted)
Res.Elec. : .       Clarity    : .   (no cloak)
Sust.Abil.: . .     Spirit.Shd : .   (no gloves)
Res.Mut.  : .       Stasis     : .   (boots unavailable)
Res.Rott. : .       Flight     : .   (no amulet)
Saprovore : . . .                    (no ring)
                                     n - ring of flight

@: slightly resistant to hostile enchantments, fairly stealthy
A: beak, talons 3
a: Evoke Flight


You were on level 3 of the Dungeon.
You were hungry.

You visited 1 branch of the dungeon, and saw 3 of its levels.

You collected 64 gold pieces.

Inventory:

Hand weapons
 e - a +0,+0 dagger (weapon)
 t - a +0,+0 short sword
Armour
 a - a +0 robe (worn)
 h - a +2 leather armour
Comestibles
 b - 2 bread rations
 k - a meat ration
 u - a chunk of bat flesh
 v - a rotting chunk of adder flesh
Scrolls
 d - 4 scrolls of remove curse {unknown}
 f - a scroll of teleportation {unknown}
 g - a scroll of blinking {unknown}
 j - 5 scrolls of noise {unknown}
 l - a scroll of fog {unknown}
 o - a scroll of curse armour {unknown}
 q - a scroll of identify {unknown}
 r - a scroll of amnesia {unknown}
 s - 3 scrolls of recharging {unknown}
Jewellery
 n - a ring of flight (left hand)
Potions
 i - 2 potions of curing {unknown}
 m - a potion of degeneration {unknown}
 p - a potion of porridge {unknown}
Books
 c - a book of Conjurations

   Spells                             Type                      Level
   *Magic Dart                        Conjuration                  1
   *Searing Ray                       Conjuration                  2
   Dazzling Spray                     Conjuration/Hexes            3
   Iskenderun's Mystic Blast          Conjuration                  4
   Iskenderun's Battlesphere          Conjuration/Charms           4
   Fulminant Prism                    Conjuration/Hexes            5


   Skills:
 - Level 2.1 Dodging
 - Level 2.0 Stealth
 - Level 1.0 Spellcasting
 + Level 7.5 Conjurations


You had 2 spell levels left.
You knew the following spells:

 Your Spells              Type           Power        Failure   Level  Hunger
a - Magic Dart            Conj           ####         1%          1    ##.....
b - Searing Ray           Conj           ####..       1%          2    ###....


Dungeon Overview and Level Annotations

Branches:
Dungeon (3/27)

Altars:

Annotations
D:3 Ijyb


Innate Abilities, Weirdness & Mutations

You have a beak for a mouth.
You have claws for feet.


Message History

The adder is moderately wounded.
Ijyb shouts!
You hit the adder. Your kick misses the adder.
The adder is heavily wounded.
The adder bites you but does no damage.
Ijyb zaps a wand.
You are blasted!
You hit the adder. Your kick misses the adder.
You peck the adder, but do no damage.
The adder is severely wounded.
The adder closely misses you. The adder bites you.
You hit the adder but do no damage. Your peck misses the adder.
The adder is severely wounded.
Ijyb zaps a wand.
You are blasted!
* * * LOW HITPOINT WARNING * * *
The adder bites you but does no damage.
You hit the adder. Your kick misses the adder.
The adder is almost dead.
The adder bites you.
* * * LOW HITPOINT WARNING * * *
Ijyb zaps a wand.
You are blasted!
You die...

.................
.................
..................
...................
#########...................
............................
............................
......<....................
......$........S@..........
#######+#$.................
.$...............
................
...............
.....g....... ...........
......... ...


You could see Ijyb and an adder.

Vanquished Creatures
  3 adders (D:2)
  5 giant geckos
  2 giant cockroaches (D:2)
  5 hobgoblins
  8 bats
  7 giant newts
  5 goblins
  7 jackals (D:2)
  3 kobolds
  6 rats
51 creatures vanquished.

Notes
Turn   | Place    | Note
--------------------------------------------------------------
     0 | D:1      | Psiweapon, the Tengu Conjurer, began the quest for the Orb.
     0 | D:1      | Reached XP level 1. HP: 10/10 MP: 3/3
   323 | D:1      | Reached XP level 2. HP: 15/15 MP: 1/5
   327 | D:1      | Learned a level 2 spell: Searing Ray
   492 | D:1      | Reached skill level 6 in Conjurations
  1035 | D:2      | Reached XP level 3. HP: 13/19 MP: 3/6
  1412 | D:2      | Reached skill level 7 in Conjurations
  1704 | D:2      | Reached XP level 4. HP: 22/24 MP: 5/8
  2185 | D:3      | Noticed Ijyb
  2190 | D:3      | Blown up by Ijyb

Action                   |  1- 3 |  4- 6 || total
-------------------------+-------+-------++-------
Melee: Dagger            |    26 |    13 ||    39
 Cast: Magic Dart        |    45 |    13 ||    58
       Searing Ray       |     5 |     5 ||    10
 Stab: Sleeping          |     1 |     1 ||     2
